[ AOE2 MATCH · #506596074 ]
UnrankedAztecs vs Lithuanians
Player's team · WIN
[ REPLAY ANALYSIS · EXTRACTED FROM THE RECORDED GAME ]
Feudal
11:10
Castle
22:11
Imperial
36:53
| APM avg | 94.6 |
| APM peak | 191 |
| eAPM avg | 57.6 |
| Villagers / military | 173 / 153 |
Focus
⚔️ 71.6% · 🌾 28.4%
Skirmisher ×73 · Archer ×67 · Militia ×5 · Mangonel ×5 · Trebuchet (Packed) ×3
Feudal
10:05
Castle
23:05
Imperial
41:56
| APM avg | 99.7 |
| APM peak | 227 |
| eAPM avg | 38.8 |
| Villagers / military | 165 / 114 |
Focus
⚔️ 61.8% · 🌾 38.2%
Skirmisher ×69 · Cavalry Archer ×24 · Archer ×13 · Monk ×3 · Militia ×3 · Mangonel ×2
Match map
Initial resources + every placement click. Lines = walls · curves = elevation contours. ◆ gold · ⬟ stone · ● berries · ✦ relic · ◌ wall gap
Your base· Open — 4t gap
DolunaK's base· Open — 7t gap
Smoothed initial terrain · ◌ = detected wall gap · hover for details
Inputs per minute
— XEVER | Rivux - - DolunaK
Build order — XEVER | Rivux
First 150 of 559 actions detected
| 0:00 | Queue | Villager (Male) |
| 0:00 | Queue | Villager (Male) |
| 0:01 | Queue | Villager (Male) |
| 0:01 | Queue | Villager (Male) |
| 0:02 | Build | House |
| 0:04 | Build | House |
| 1:16 | Queue | Villager (Male) |
| 1:55 | Build | Lumber Camp |
| 2:01 | Queue | Villager (Male) |
| 2:04 | Queue | Villager (Male) |
| 2:50 | Queue | Villager (Male) |
| 3:00 | Queue | Villager (Male) |
| 3:21 | Queue | Villager (Male) |
| 3:49 | Build | House |
| 3:53 | Queue | Villager (Male) |
| 4:29 | Queue | Villager (Male) |
| 4:43 | Build | Barracks |
| 4:50 | Queue | Villager (Male) |
| 5:11 | Research | Loom |
| 5:29 | Build | House |
| 5:39 | Queue | Villager (Male) |
| 5:43 | Build | House |
| 5:47 | Queue | Militia |
| 5:56 | Queue | Villager (Male) |
| 6:01 | Queue | Villager (Male) |
| 6:02 | Queue | Villager (Male) |
| 6:10 | Queue | Villager (Male) |
| 6:23 | Queue | Militia |
| 6:23 | Queue | Militia |
| 6:24 | Build | House |
| 6:40 | Queue | Villager (Male) |
| 6:52 | Build | Palisade Wall |
| 7:15 | Queue | Villager (Male) |
| 7:41 | Queue | Villager (Male) |
| 7:46 | Build | Mill |
| 8:16 | Queue | Villager (Male) |
| 8:17 | Build | House |
| 8:41 | Build | Lumber Camp |
| 9:00 | Research | Feudal Age |
| 9:00 | Research | Feudal Age |
| 9:20 | Queue | Militia |
| 9:29 | Build | Palisade Wall |
| 9:59 | Build | Mining Camp |
| 10:06 | Queue | Militia |
| 10:39 | Queue | Villager (Male) |
| 11:10 | Age | Feudal Age |
| 11:13 | Build | Archery Range |
| 11:15 | Research | Man-at-Arms (upgrade) |
| 11:15 | Research | Man-at-Arms (upgrade) |
| 11:16 | Research | Double-Bit Axe |
| 11:23 | Build | Farm |
| 11:24 | Queue | Villager (Male) |
| 11:43 | Build | Palisade Wall |
| 11:47 | Build | Palisade Wall |
| 11:54 | Build | Farm |
| 11:58 | Queue | Villager (Male) |
| 12:10 | Queue | Archer |
| 12:15 | Build | Farm |
| 12:16 | Build | Farm |
| 12:24 | Research | Arson |
| 12:26 | Build | Palisade Wall |
| 12:28 | Build | Palisade Wall |
| 12:28 | Build | Palisade Wall |
| 12:32 | Build | House |
| 12:34 | Build | Palisade Wall |
| 12:35 | Build | Palisade Wall |
| 12:38 | Build | Palisade Wall |
| 12:45 | Build | Farm |
| 12:56 | Build | Farm |
| 12:58 | Build | Farm |
| 13:00 | Queue | Villager (Male) |
| 13:15 | Queue | Villager (Male) |
| 13:15 | Queue | Villager (Male) |
| 13:22 | Build | Farm |
| 13:43 | Build | Farm |
| 13:46 | Queue | Villager (Male) |
| 13:47 | Queue | Villager (Male) |
| 13:49 | Queue | Skirmisher |
| 13:49 | Queue | Skirmisher |
| 14:00 | Build | Palisade Wall |
| 14:09 | Queue | Villager (Male) |
| 14:09 | Queue | Archer |
| 14:15 | Build | House |
| 14:28 | Queue | Villager (Male) |
| 14:45 | Build | Blacksmith |
| 14:49 | Queue | Villager (Male) |
| 14:49 | Queue | Archer |
| 15:05 | Queue | Villager (Male) |
| 15:05 | Queue | Archer |
| 15:15 | Queue | Villager (Male) |
| 15:23 | Build | House |
| 15:25 | Build | Palisade Wall |
| 15:29 | Research | Town Watch |
| 15:34 | Queue | Archer |
| 15:45 | Build | Farm |
| 15:53 | Queue | Villager (Male) |
| 16:04 | Build | House |
| 16:05 | Build | Palisade Wall |
| 16:10 | Build | Palisade Wall |
| 16:12 | Build | Palisade Wall |
| 16:18 | Research | Fletching |
| 16:19 | Queue | Villager (Male) |
| 16:19 | Queue | Archer |
| 16:21 | Build | Farm |
| 16:35 | Build | Palisade Wall |
| 16:51 | Queue | Archer |
| 17:05 | Queue | Villager (Male) |
| 17:07 | Build | Farm |
| 17:09 | Build | Farm |
| 17:11 | Build | Farm |
| 17:15 | Queue | Villager (Male) |
| 17:25 | Build | Farm |
| 17:32 | Queue | Skirmisher |
| 17:41 | Queue | Villager (Male) |
| 17:43 | Build | Farm |
| 17:47 | Build | House |
| 17:54 | Build | House |
| 17:56 | Build | Palisade Wall |
| 17:58 | Build | Palisade Wall |
| 18:08 | Queue | Archer |
| 18:25 | Queue | Villager (Male) |
| 18:26 | Queue | Archer |
| 18:36 | Build | Archery Range |
| 18:52 | Queue | Archer |
| 18:53 | Queue | Villager (Male) |
| 19:31 | Research | Castle Age |
| 19:35 | Queue | Skirmisher |
| 19:35 | Queue | Skirmisher |
| 19:48 | Research | Padded Archer Armor |
| 19:55 | Queue | Villager (Male) |
| 20:03 | Queue | Skirmisher |
| 20:09 | Queue | Skirmisher |
| 20:09 | Queue | Skirmisher |
| 20:12 | Build | Palisade Wall |
| 20:15 | Build | House |
| 20:27 | Build | Farm |
| 20:30 | Queue | Villager (Male) |
| 20:36 | Queue | Archer |
| 20:37 | Queue | Archer |
| 20:59 | Research | Gold Mining |
| 20:59 | Research | Gold Mining |
| 21:00 | Queue | Archer |
| 21:00 | Queue | Archer |
| 21:03 | Research | Horse Collar |
| 21:12 | Queue | Archer |
| 21:36 | Queue | Archer |
| 22:11 | Age | Castle Age |
| 22:15 | Research | Crossbowman (upgrade) |
| 22:15 | Research | Crossbowman (upgrade) |
| 22:16 | Queue | Villager (Male) |
Build order — DolunaK
First 150 of 438 actions detected
| 0:00 | Queue | Villager (Male) |
| 0:00 | Queue | Villager (Male) |
| 0:01 | Queue | Villager (Male) |
| 0:01 | Queue | Villager (Male) |
| 0:02 | Build | House |
| 0:03 | Build | House |
| 0:09 | Queue | Villager (Male) |
| 0:09 | Queue | Villager (Male) |
| 1:24 | Queue | Villager (Male) |
| 1:56 | Build | Lumber Camp |
| 1:58 | Queue | Villager (Male) |
| 2:13 | Queue | Villager (Male) |
| 2:45 | Queue | Villager (Male) |
| 3:16 | Queue | Villager (Male) |
| 3:51 | Build | House |
| 3:58 | Queue | Villager (Male) |
| 3:58 | Queue | Villager (Male) |
| 4:21 | Build | House |
| 4:25 | Queue | Villager (Male) |
| 4:26 | Queue | Villager (Male) |
| 4:26 | Queue | Villager (Male) |
| 4:29 | Queue | Villager (Male) |
| 4:59 | Queue | Villager (Male) |
| 4:59 | Queue | Villager (Male) |
| 5:04 | Build | Mill |
| 5:07 | Queue | Villager (Male) |
| 5:35 | Queue | Villager (Male) |
| 5:35 | Queue | Villager (Male) |
| 6:06 | Queue | Villager (Male) |
| 6:11 | Build | Mill |
| 7:13 | Research | Loom |
| 7:15 | Queue | Villager (Male) |
| 7:26 | Build | Farm |
| 7:48 | Research | Feudal Age |
| 7:48 | Research | Feudal Age |
| 9:02 | Build | Barracks |
| 9:07 | Queue | Villager (Male) |
| 9:24 | Build | Mining Camp |
| 9:38 | Build | House |
| 9:48 | Queue | Militia |
| 9:48 | Queue | Militia |
| 9:48 | Queue | Militia |
| 10:05 | Age | Feudal Age |
| 10:13 | Research | Double-Bit Axe |
| 10:28 | Queue | Villager (Male) |
| 10:35 | Build | House |
| 10:54 | Queue | Villager (Male) |
| 10:55 | Research | Man-at-Arms (upgrade) |
| 10:57 | Queue | Villager (Male) |
| 10:59 | Build | House |
| 11:01 | Build | House |
| 11:07 | Build | House |
| 11:14 | Queue | Villager (Male) |
| 11:22 | Build | Watch Tower |
| 11:33 | Queue | Villager (Male) |
| 11:39 | Build | Palisade Wall |
| 11:41 | Build | Palisade Wall |
| 11:44 | Queue | Villager (Male) |
| 12:01 | Build | Palisade Wall |
| 12:14 | Build | Archery Range |
| 12:21 | Build | Farm |
| 12:23 | Build | Farm |
| 12:42 | Queue | Archer |
| 12:43 | Queue | Archer |
| 12:51 | Queue | Villager (Male) |
| 12:54 | Queue | Archer |
| 13:00 | Build | House |
| 13:16 | Build | Farm |
| 13:18 | Build | Farm |
| 13:21 | Build | Farm |
| 13:34 | Build | Farm |
| 13:35 | Queue | Archer |
| 13:39 | Queue | Villager (Male) |
| 13:51 | Build | Farm |
| 14:07 | Queue | Archer |
| 14:11 | Queue | Villager (Male) |
| 14:15 | Build | Farm |
| 14:17 | Build | Farm |
| 14:26 | Build | House |
| 14:36 | Build | House |
| 14:38 | Queue | Villager (Male) |
| 14:39 | Queue | Villager (Male) |
| 14:46 | Build | Farm |
| 14:48 | Queue | Villager (Male) |
| 14:48 | Queue | Archer |
| 15:26 | Queue | Villager (Male) |
| 15:26 | Queue | Villager (Male) |
| 15:32 | Build | Blacksmith |
| 15:33 | Queue | Archer |
| 15:56 | Build | House |
| 15:57 | Build | House |
| 16:02 | Queue | Archer |
| 16:14 | Queue | Villager (Male) |
| 16:22 | Research | Fletching |
| 16:26 | Build | Farm |
| 16:35 | Build | Palisade Wall |
| 16:45 | Queue | Archer |
| 16:48 | Queue | Villager (Male) |
| 16:49 | Build | Farm |
| 17:06 | Queue | Villager (Male) |
| 17:06 | Queue | Villager (Male) |
| 17:06 | Queue | Villager (Male) |
| 17:07 | Queue | Villager (Male) |
| 17:15 | Queue | Archer |
| 17:20 | Queue | Villager (Male) |
| 17:25 | Build | Market |
| 17:44 | Queue | Archer |
| 17:45 | Queue | Villager (Male) |
| 17:48 | Build | House |
| 17:49 | Build | Palisade Wall |
| 17:52 | Build | Palisade Wall |
| 18:02 | Queue | Villager (Male) |
| 18:09 | Queue | Archer |
| 18:14 | Queue | Villager (Male) |
| 18:17 | Build | House |
| 18:19 | Build | Lumber Camp |
| 18:32 | Queue | Archer |
| 19:09 | Queue | Villager (Male) |
| 19:39 | Queue | Villager (Male) |
| 19:41 | Build | Lumber Camp |
| 19:51 | Build | Farm |
| 20:25 | Research | Castle Age |
| 20:25 | Research | Castle Age |
| 20:42 | Build | House |
| 20:45 | Build | Palisade Wall |
| 20:47 | Queue | Skirmisher |
| 21:01 | Research | Horse Collar |
| 21:04 | Queue | Skirmisher |
| 21:17 | Build | Farm |
| 21:26 | Build | Archery Range |
| 21:34 | Research | Padded Archer Armor |
| 22:07 | Build | House |
| 22:26 | Queue | Skirmisher |
| 22:26 | Queue | Skirmisher |
| 22:34 | Queue | Skirmisher |
| 22:35 | Queue | Skirmisher |
| 22:51 | Queue | Skirmisher |
| 22:59 | Queue | Skirmisher |
| 23:00 | Queue | Skirmisher |
| 23:01 | Queue | Villager (Male) |
| 23:02 | Build | Farm |
| 23:03 | Build | Farm |
| 23:04 | Build | Farm |
| 23:05 | Build | Farm |
| 23:05 | Age | Castle Age |
| 23:08 | Research | Elite Skirmisher (upgrade) |
| 23:18 | Queue | Villager (Male) |
| 23:41 | Research | Bodkin Arrow |
| 23:45 | Queue | Skirmisher |
| 23:49 | Queue | Villager (Male) |
Match timeline
| 4:43 | XEVER | Rivux · first_building Barracks |
| 6:52 | XEVER | Rivux · wall_segment Palisade Wall x10 |
| 9:02 | DolunaK · first_building Barracks |
| 9:29 | XEVER | Rivux · wall_segment Palisade Wall x3 |
| 10:05 | DolunaK · age_up feudal |
| 11:10 | XEVER | Rivux · age_up feudal |
| 11:13 | XEVER | Rivux · first_building Archery Range |
| 11:39 | DolunaK · wall_segment Palisade Wall x1 |
| 11:41 | DolunaK · wall_segment Palisade Wall x3 |
| 11:43 | XEVER | Rivux · wall_segment Palisade Wall x1 |
| 11:47 | XEVER | Rivux · wall_segment Palisade Wall x1 |
| 12:01 | DolunaK · wall_segment Palisade Wall x1 |
| 12:14 | DolunaK · first_building Archery Range |
| 12:26 | XEVER | Rivux · wall_segment Palisade Wall x1 |
| 12:28 | XEVER | Rivux · wall_segment Palisade Wall x1 |
| 12:28 | XEVER | Rivux · wall_segment Palisade Wall x1 |
| 12:34 | XEVER | Rivux · wall_segment Palisade Wall x1 |
| 12:35 | XEVER | Rivux · wall_segment Palisade Wall x1 |
| 12:38 | XEVER | Rivux · wall_segment Palisade Wall x1 |
| 14:00 | XEVER | Rivux · wall_segment Palisade Wall x1 |
| 15:25 | XEVER | Rivux · wall_segment Palisade Wall x15 |
| 16:05 | XEVER | Rivux · wall_segment Palisade Wall x2 |
| 16:10 | XEVER | Rivux · wall_segment Palisade Wall x5 |
| 16:12 | XEVER | Rivux · wall_segment Palisade Wall x1 |
| 16:35 | XEVER | Rivux · wall_segment Palisade Wall x1 |
| 16:35 | DolunaK · wall_segment Palisade Wall x5 |
| 17:49 | DolunaK · wall_segment Palisade Wall x7 |
| 17:52 | DolunaK · wall_segment Palisade Wall x5 |
| 17:56 | XEVER | Rivux · wall_segment Palisade Wall x4 |
| 17:58 | XEVER | Rivux · wall_segment Palisade Wall x7 |
| 20:11 | DolunaK · first_market_buy 100 food |
| 20:11 | DolunaK · first_market_sell 100 wood |
| 20:12 | XEVER | Rivux · wall_segment Palisade Wall x1 |
| 20:45 | DolunaK · wall_segment Palisade Wall x11 |
| 22:11 | XEVER | Rivux · age_up castle |
| 23:05 | DolunaK · age_up castle |
| 26:00 | DolunaK · first_building Monastery |
| 26:15 | XEVER | Rivux · first_building Siege Workshop |
| 28:51 | XEVER | Rivux · wall_segment Palisade Wall x1 |
| 30:14 | DolunaK · first_building Stable |
| 34:15 | XEVER | Rivux · first_market_buy 100 wood |
| 36:21 | DolunaK · first_building Siege Workshop |
| 36:53 | XEVER | Rivux · age_up imperial |
| 37:00 | DolunaK · first_building Castle |
| 37:00 | XEVER | Rivux · first_building Castle |
| 38:13 | XEVER | Rivux · first_market_sell 100 food |
| 41:56 | DolunaK · age_up imperial |
| 47:38 | DolunaK · resign |
[ AI ANALYSIS · 1 CREDIT ]
What really happened in this match?
Wolo.gg analyzes every decision: build order, eco, micro, common mistakes by bracket. Personalized analysis on WhatsApp or Discord in 30 seconds.
Civ guide
Aztecs
Perfil
Jugador #3035292